 Dungeon Crawl Stone Soup version 0.28-a0-1374-ga75cb3825e (webtiles) character file.

Game seed: 815310451099670111

655 dolemite99 the Cruncher (level 7, -2/56 HPs)
             Began as a Minotaur Gladiator on Jan 1, 2022.
             Was an Elder of Jiyva.
             Slain by a hornet (10 damage)
             ... on level 4 of the Dungeon.
             The game lasted 00:03:03 (3437 turns).

dolemite99 the Cruncher (Minotaur Gladiator)        Turns: 3437, Time: 00:03:04

Health: -2/56      AC:  8    Str: 24    XL:     7   Next: 29%
Magic:  6/6        EV:  9    Int:  5    God:    Jiyva [****..]
Gold:   32         SH:  0    Dex: 12    Spells: 6/6 levels left

rFire   . . .      SeeInvis .   a - +0 quarterstaff
rCold   . . .      Faith    .   (shield currently unavailable)
rNeg    . . .      Spirit   .   r - +0 chain mail
rPois   .          Reflect  .   c - +0 hat
rElec   .          Harm     .   (no cloak)
rCorr   +          Rampage  .   (no gloves)
Will    .....                   (no boots)
Stlth   ..........              (no amulet)
HPRegen 1.46/turn               (no ring)
MPRegen 0.50/turn               (no ring)

@: lethally poisoned (-2 -> -2), slowed, very slow
A: horns 2, retaliatory headbutt, strong 2, translucent skin 2
a: Renounce Religion, Oozemancy, Slimify


You were on level 4 of the Dungeon.
You worshipped Jiyva.
Jiyva was greatly pleased with you.
You visited 1 branch of the dungeon, and saw 5 of its levels.

You collected 32 gold pieces.

Inventory:

Hand Weapons
 a - a +0 quarterstaff (weapon)
 j - a +2 dagger of venom
 p - a +0 hunting sling
Missiles
 d - 3 throwing nets
 h - 19 sling bullets
 n - 48 stones (quivered)
 t - 13 poisoned darts
Armour
 b - a +0 leather armour
 c - a +0 hat (worn)
 r - a +0 chain mail (worn)
Jewellery
 e - a +6 ring of dexterity
Wands
 s - a wand of digging (3)
Scrolls
 g - a scroll of vulnerability {unknown}
 i - 2 scrolls of identify {unknown}
 k - 2 scrolls of magic mapping {unknown}
 m - a scroll of enchant armour {unknown}
 q - a scroll of fear {unknown}
Potions
 f - a potion of heal wounds {unknown}
 l - a potion of haste {unknown}
 o - a potion of brilliance {unknown}


   Skills:
 - Level 2.4 Fighting
 + Level 10.2 Staves
 - Level 2.0 Throwing
 - Level 3.2 Dodging


You had 6 spell levels left.
You didn't know any spells.
Your spell library was empty.

Dungeon Overview and Level Annotations

Branches:
Dungeon (5/15)
 Temple: D:4-7

Altars:
Ashenzari
Kikubaaqudgha
Jiyva

Shops:
D:1 [   D:3 *

Annotations:
D:4 1 runed translucent door, SnakkuSnakku7's ghost, novice NaTm


Innate Abilities, Weirdness & Mutations

You have a pair of horns on your head.
You reflexively headbutt those who attack you in melee.
Your muscles are very strong. (Str +4)
Your translucent skin reduces your foes' accuracy. (Stealth+)


Message History

Your chain mail prevents you from hitting the iguana.
The iguana bites you.
You thump the iguana!
The iguana is heavily wounded.
A hound comes into view.
The iguana bites you.
You closely miss the iguana.
The iguana is heavily wounded.
The iguana barely misses you. You furiously retaliate!
You headbutt the iguana. You closely miss the iguana.
The iguana is almost dead.
The hornet stings you!
You are poisoned.
You feel yourself slow down. The iguana bites you.
You feel very sick. The hornet stings you!
You are more poisoned.
You feel as though you will be slow longer.
The hornet stings you but does no damage.
There is a stone staircase leading up, spattered with blood here.
You feel very sick. The hound bites you. The hornet closely misses you.
The hornet misses you. The hound bites you but does no damage.
The hornet stings you.
You feel as though you will be slow longer.
The iguana barely misses you. You furiously retaliate!
You headbutt the iguana, but do no damage.
You climb upwards.
Level annotation: 1 runed translucent door, SnakkuSnakku7's ghost, novice NaTm You feel very sick.
There is a stone staircase leading down here.
You fail to use your ability.
You feel yourself speed up.
You feel sick. The hound bites you.
* * * LOW HITPOINT WARNING * * *
The hornet stings you.
* * * LOW HITPOINT WARNING * * *
You feel yourself slow down.
The jelly hits the hound but does no damage.
The hound bites you but does no damage. The hornet stings you!
You die...

#.................#.#####
#.######.#...####.#...###
#######J# ##.#...# #.###...#
#.......# #......# #...#.#..
#.#####.# #..#.########.#.###
#.###########..#.#≈=≈WFS+...#
#.≈≈≈≈≈≈≈.≈##J.#.########J###
#############h....#####...#
#.## #.@.....J....####
#..####y#...#####.....###
##................#.#.J..
#.#######J####...#...### #.#
#......#####.# #.# ###
#.###....#.J.# #.###.###.#
#.##.#.#.# #.##......#
#.##...#.#
##########.###.###.#
#.###.##.#


You could see a hornet, a hound and 3 neutral jellies(fellow slime).

Vanquished Creatures
  5 ogres (D:4)
  2 vampire bats (D:3)
  A howler monkey (D:4)
  An iguana (D:4)
  A hound skeleton (D:4)
  4 adders
  An adder skeleton (D:4)
  2 worms
  2 dart slugs
  2 bats
  A bat skeleton (D:3)
  5 bat zombies (D:3)
  An endoplasm (D:1)
  3 giant cockroaches
  6 goblins
  A hobgoblin (D:1)
  A quokka (D:2)
  5 ball pythons
  2 frilled lizards (D:2)
  2 kobolds (D:3)
  3 rats
51 creatures vanquished.

Vanquished Creatures (others)
  Crazy Yiuf (D:3)
  A jelly (D:4)
  Robin (D:3)
  5 adders
  3 ball pythons
  An endoplasm (D:2)
  A giant cockroach (D:2)
  8 goblins
  A hobgoblin (D:1)
  2 quokkas
  A bat (D:3)
  2 frilled lizards
  A kobold (D:4)
  2 rats
  A plant (D:3)
31 creatures vanquished.

Grand Total: 82 creatures vanquished

Notes
Turn   | Place    | Note
-------+----------+-------------------------------------------
     0 | D:1      | dolemite99 the Minotaur Gladiator began the quest for the
                  | Orb.
     0 | D:1      | Reached XP level 1. HP: 18/18 MP: 0/0
    65 | D:1      | Found a faded altar of an unknown god.
   148 | D:1      | Prayed at the altar of an unknown god.
   148 | D:1      | Became a worshipper of Jiyva Japovolo the Shapeless
   148 | D:1      | Reached * piety under Jiyva
   212 | D:1      | Found Dog Vabb's Antique Armour Shoppe.
   351 | D:1      | Reached skill level 4 in Staves
   466 | D:1      | Reached ** piety under Jiyva
   844 | D:2      | Reached XP level 2. HP: 25/25 MP: 1/1
  1018 | D:2      | Found a broken altar of Ashenzari.
  1102 | D:2      | Reached *** piety under Jiyva
  1108 | D:2      | Reached skill level 5 in Staves
  1211 | D:2      | Reached XP level 3. HP: 30/30 MP: 2/2
  1216 | D:2      | Gained mutation: Your muscles are strong. (Str +2) [Jiyva's
                  | grace]
  1216 | D:2      | Gained mutation: Your muscles are very strong. (Str +4)
                  | [Jiyva's grace]
  1216 | D:2      | Gained mutation: Your translucent skin slightly reduces
                  | your foes' accuracy. (Stealth+) [Jiyva's grace]
  1216 | D:2      | Gained mutation: Your translucent skin reduces your foes'
                  | accuracy. (Stealth+) [Jiyva's grace]
  1287 | D:2      | You fall into a shaft and drop 2 floors!
  1304 | D:4      | Reached XP level 4. HP: 16/37 MP: 3/3
  1308 | D:4      | HP: 1/37 [iguana (9)]
  1312 | D:4      | Reached skill level 6 in Staves
  1419 | D:3      | Found Diunynk's General Store.
  1722 | D:3      | Noticed Robin
  2092 | D:3      | Found an ancient bone altar of Kikubaaqudgha.
  2098 | D:3      | Reached skill level 7 in Staves
  2098 | D:3      | Reached XP level 5. HP: 42/42 MP: 4/4
  2194 | D:3      | Found a runed translucent door.
  2195 | D:3      | Noticed Crazy Yiuf
  2221 | D:3      | Reached **** piety under Jiyva
  2298 | D:3      | Killed Robin
  2707 | D:3      | Killed Crazy Yiuf
  2815 | D:4      | Noticed an ogre
  2822 | D:4      | Killed an ogre
  2823 | D:4      | Reached skill level 8 in Staves
  2823 | D:4      | Reached XP level 6. HP: 50/50 MP: 5/5
  2870 | D:4      | Reached skill level 9 in Staves
  2878 | D:4      | Reached XP level 7. HP: 46/56 MP: 4/6
  2903 | D:4      | Reached skill level 10 in Staves
  3257 | D:4      | Found a runed translucent door.
  3265 | D:4      | Noticed SnakkuSnakku7's ghost (novice NaTm)
  3427 | D:5      | Entered Level 5 of the Dungeon
  3427 | D:5      | Noticed a hornet
  3437 | D:4      | Slain by a hornet

Illustrated notes

Levels and vault maps discovered:
D:1:      scummos_arrival_star, layout_loops_corners,
          ebering_ecumenical_altar_abandoned, serial_shops,
          nicolae_shop_statue_plus
D:2:      layout_basic, basic_altar, chequers_serial_rivers_micro_c
D:3:      layout_basic, kennysheep_vampire_church, serial_shops, shop,
          minmay_crystal_water, serial_bayou_pond_d, uniq_robin,
          uniq_crazy_yiuf_cottage
D:4:      layout_loops_ring, ebering_ghost_sewer_d, portal_sewer_entry_d,
          minmay_tree_intersection, minmay_starry_boxes
D:5:      layout_cave_pools, mainiacjoe_overflow_cross_hatched, serial_shops,
          nicolae_shop_hallway_stairs, chequers_serial_rivers_marsh,
          serial_park_tiny_pond

Skill      XL: |  1  2  3  4  5  6  7 |
---------------+----------------------+-----
Staves         | 4 5 7 8 9 10 | 10.2
Fighting       | |  2.4
Throwing       | |  2.0
Dodging        | |  3.2

Action                   |  1- 3 |  4- 6 |  7- 9 || total
-------------------------+-------+-------+-------++-------
Melee: Quarterstaff      |    30 |    46 |    16 ||    92
       Headbutt          |     6 |     9 |     2 ||    17
       Dagger            |     1 |       |       ||     1
Throw: Stone             |       |     5 |       ||     5
Invok: Oozemancy         |       |     1 |       ||     1
 Stab: Sleeping          |       |     1 |       ||     1
Armor: Leather armour    |     3 |     9 |       ||    12
       Chain mail        |       |       |     4 ||     4
Dodge: Dodged            |    22 |    49 |    11 ||    82

Table legend: (Time is in decaauts)
 A = Elapsed time spent in this place.
 B = Non-inter-level travel time spent in this place.
 C = Inter-level travel time spent in this place.
 D = Time resting spent in this place.
 E = Time spent auto-exploring this place.
 F = Levels seen in this place.
 G = Mean time per level.
                   A        B        C        D        E       F      G
               +--------+--------+--------+--------+--------+-----+--------+
         Total |   3440 |   3272 |    168 |    177 |   2636 |   5 |  688.0 |
       Dungeon |   3440 |   3272 |    168 |    177 |   2636 |   5 |  688.0 |
               +--------+--------+--------+--------+--------+-----+--------+

Top non-repeatable levels by time:
     D:3: 1005 daAuts
     D:1: 840 daAuts
     D:4: 800 daAuts
     D:2: 786 daAuts
     D:5: 8 daAuts
